 Dungeon Crawl Stone Soup version 0.29-a0-323-g050149af67 (webtiles) character file.

Game seed: 2974379039753281223

118 Jortsu the Vandal (level 4, -5/41 (42) HPs)
             Began as a Troll Hunter on Apr 11, 2022.
             Was a Follower of the Shining One.
             Slain by Crazy Yiuf
             ... wielding a +2 quarterstaff of chaos
              (7 damage)
             ... on level 3 of the Dungeon.
             The game lasted 00:04:55 (2353 turns).

Jortsu the Vandal (Troll Hunter)                    Turns: 2353, Time: 00:04:55

HP:   -5/41 (42)    AC:  4    Str: 19    XL:     4   Next: 72%
MP:   3/3           EV: 10    Int:  5    God:    the Shining One [*.....]
Gold: 100           SH:  0    Dex: 15    Spells: 3/3 levels left

rFire   . . .      SeeInvis .     - Unarmed
rCold   . . .      Faith    .   (no shield)
rNeg    . . .      Spirit   .   b - +0 robe
rPois   .          Reflect  .   (helmet restricted)
rElec   .          Harm     .   (no cloak)
rCorr   .          Rampage  .   (gloves unavailable)
Will    .....                   (boots unavailable)
Stlth   +.........              (no amulet)
HPRegen 0.93/turn               (no ring)
MPRegen 0.08/turn               (no ring)

@: glowing, lightly drained
A: large, unfitting armour, claws 3, regeneration 1, shaggy fur 1, tough skin 1
a: Renounce Religion, Divine Shield


You were on level 3 of the Dungeon.
You worshipped the Shining One.
The Shining One was aware of your devotion.
You visited 1 branch of the dungeon, and saw 3 of its levels.

You collected 117 gold pieces.
You spent 17 gold pieces at shops.

Inventory:

Hand Weapons
 a - a +1 hunting sling
Armour
 b - a +0 robe (worn)
Jewellery
 j - a ring of ice
Wands
 k - a wand of charming (6)
Scrolls
 c - 2 scrolls of immolation
 f - 3 scrolls of identify
 g - a scroll of blinking {unknown}
 i - a scroll of amnesia
 l - a scroll of teleportation {unknown}
Potions
 d - 5 potions of curing
 e - 3 potions of heal wounds
 h - a potion of magic
 m - a potion of degeneration {unknown}


   Skills:
 + Level 1.7 Fighting
 + Level 3.1 Slings
 + Level 2.0 Dodging
 + Level 0.5 Stealth
 + Level 3.0 Unarmed Combat


You had 3 spell levels left.
You didn't know any spells.
Your spell library contained the following spells:

 Spells                   Type           Power      Damage    Failure   Level
 Fireball                 Conj/Fire      0%         3d3       100%        5
 Starburst                Conj/Fire      0%         6d3       100%        6
 Ignition                 Fire           0%         3d3       100%        8


Dungeon Overview and Level Annotations

Branches:
Dungeon (3/15)

Altars:
The Shining One

Shops:
D:1 *

Annotations:
D:3 Crazy Yiuf


Innate Abilities, Weirdness & Mutations

You are too large for most types of armour.
You have claws for hands.
Your natural rate of healing is unusually fast.
You are covered in fur. (AC +1)
You have tough skin. (AC +1)


Message History

There is an open door here.
There is a large open door here.
There is a large open door here.
m - a smoky purple potion An endoplasm comes into view.
The endoplasm quivers.
The endoplasm misses you.
You scratch the endoplasm.
The endoplasm is severely wounded.
The endoplasm hits you.
You scratch the endoplasm.
You kill the endoplasm!
Found a stone staircase leading down.
Found 8 stones.
Found 5 stones.
You see here 8 stones.
You open the door.
There is an open door here.
There is an open door here.
Found a mace.
Found a runed translucent door.
Crazy Yiuf shouts!
As you open the door, it creaks loudly!
You scratch Crazy Yiuf.
Crazy Yiuf is lightly wounded.
Crazy Yiuf hits you with a +2 quarterstaff of chaos!
You feel drained.
You claw Crazy Yiuf!
Crazy Yiuf is severely wounded.
Crazy Yiuf hits you with a +2 quarterstaff of chaos!
Crazy Yiuf freezes you.
You scratch Crazy Yiuf but do no damage.
Crazy Yiuf is severely wounded.
Crazy Yiuf hits you with a +2 quarterstaff of chaos!
* * * LOW HITPOINT WARNING * * *
Crazy Yiuf freezes you.
* * * LOW HITPOINT WARNING * * *
You scratch Crazy Yiuf but do no damage.
Crazy Yiuf is severely wounded.
Crazy Yiuf hits you with a +2 quarterstaff of chaos!
You die...

#.....(.# #.# #
#(......######.# #
#####........#.# #
########.#.# #
#...#####
♣♣♣♣♣##.#...... ###
♣♣♣.♣............
#...#♣..♣.P....#######
#...g@♣♣♣♣P.......>...
#)..#♣♣ ♣♣....######.
### ♣♣##........
#........ #########
##### ### #........
#.#.# #.# #........
#.#.# #.# #........
#.#.# #.# #........


You could see Crazy Yiuf.

Vanquished Creatures
  An orc wizard (D:3)
  Robin (D:3)
  2 adders (D:2)
  A worm (D:2)
  4 orcs
  4 endoplasms
  6 hobgoblins
  4 jackals (D:2)
  A quokka (D:2)
  3 ball pythons
  9 bats
  6 frilled lizards
  10 goblins
  A kobold (D:1)
  4 rats
57 creatures vanquished.

Notes
Turn   | Place    | Note
-------+----------+-------------------------------------------
     0 | D:1      | Jortsu the Troll Hunter began the quest for the Orb.
     0 | D:1      | Reached XP level 1. HP: 19/19 MP: 0/0
     3 | D:1      | Found Giyf Oso's Assorted Antiques.
   388 | D:1      | Reached XP level 2. HP: 21/27 MP: 1/1
   598 | D:1      | Found a faded altar of an unknown god.
   605 | D:1      | Prayed at the altar of an unknown god.
   605 | D:1      | Became a worshipper of the Shining One
   605 | D:1      | Reached * piety under the Shining One
   752 | D:1      | Bought a scroll labelled SYTHRA KUAHIGYN for 17 gold pieces
   828 | D:2      | Reached skill level 1 in Unarmed Combat
   859 | D:2      | Reached XP level 3. HP: 31/35 MP: 2/2
  1501 | D:3      | Reached XP level 4. HP: 5/42 MP: 3/3
  1688 | D:3      | Noticed Robin
  1699 | D:3      | Killed Robin
  2345 | D:3      | Found a runed translucent door.
  2346 | D:3      | Noticed Crazy Yiuf
  2352 | D:3      | HP: 1/41 [Crazy Yiuf/+2 quarterstaff of chaos (4)]
  2353 | D:3      | Slain by Crazy Yiuf

Illustrated notes

Levels and vault maps discovered:
D:1:      dpeg_arrival_tiny_e, layout_basic, dilly_ecumenical_altar_fadedgnrine,
          serial_shops, nicolae_shop_temple_entry_statues_fountains,
          minmay_curled_crystal, minmay_misc_feat_iff
D:2:      layout_loops_ring
D:3:      layout_basic, uniq_robin, uniq_crazy_yiuf_cottage

Skill      XL: |  1  2  3  4 |
---------------+-------------+-----
Slings         | 3 |  3.1
Unarmed Combat | 1 2 3 |  3.0
Dodging        | 2 |  2.0
Fighting       | |  1.7
Stealth        | |  0.5

Action                   |  1- 3 |  4- 6 || total
-------------------------+-------+-------++-------
Melee: Unarmed           |   105 |    37 ||   142
  Use: Scroll            |     5 |       ||     5
Armor: Robe              |    66 |    15 ||    81
Dodge: Dodged            |    76 |    18 ||    94

Table legend: (Time is in decaauts)
 A = Elapsed time spent in this place.
 B = Non-inter-level travel time spent in this place.
 C = Inter-level travel time spent in this place.
 D = Time resting spent in this place.
 E = Time spent auto-exploring this place.
 F = Levels seen in this place.
 G = Mean time per level.
                   A        B        C        D        E       F      G
               +--------+--------+--------+--------+--------+-----+--------+
         Total |   2348 |   2286 |     62 |     73 |   1603 |   3 |  782.7 |
       Dungeon |   2348 |   2286 |     62 |     73 |   1603 |   3 |  782.7 |
               +--------+--------+--------+--------+--------+-----+--------+

Top non-repeatable levels by time:
     D:3: 925 daAuts
     D:1: 778 daAuts
     D:2: 644 daAuts
